 Dungeon Crawl Stone Soup version 0.18.1-50-g88ac8fd (webtiles) character file.

298 Ilten the Ducker (level 6, -2/59 HPs)
             Began as a Troll Monk on Apr 2, 2017.
             Was a Believer of Yredelemnul.
             Slain by an orc wizard
             ... wielding a +0 dagger
              (3 damage)
             ... on level 4 of the Dungeon.
             The game lasted 00:29:16 (3503 turns).

Ilten the Ducker (Troll Monk)                       Turns: 3503, Time: 00:29:16

Health: -2/59      AC:  6    Str: 21    XL:     6   Next: 13%
Magic:  14/14      EV: 12    Int:  6    God:    Yredelemnul [**....]
Gold:   217        SH:  0    Dex: 13    Spells: 0 memorised, 5 levels left

rFire  . . .     SeeInvis .       - Unarmed
rCold  . . .     Gourm    +     r - +1 robe
rNeg   . . .     Faith    .     (no shield)
rPois  .         Spirit   .     (helmet restricted)
rElec  .         Dismiss  .     (no cloak)
rCorr  .         Reflect  .     (gloves unavailable)
SustAt .         Harm     .     (boots unavailable)
MR     .....                    x - amulet of the gourmand
Stlth  ++........               (no ring)
                                v - ring of magical power

@: flying (expiring), not resistant to hostile enchantments, unstealthy
A: unfitting armour, claws 3, fast metabolism 3, gourmand, regeneration 2,
shaggy fur 1, tough skin 2
a: Animate Remains, Recall Undead Slaves, Injury Mirror, Renounce Religion


You were on level 4 of the Dungeon.
You worshipped Yredelemnul.
Yredelemnul was pleased with you.
You were not hungry.

You visited 1 branch of the dungeon, and saw 4 of its levels.

You collected 217 gold pieces.

Inventory:

Hand Weapons
 e - a +0 hunting sling
Armour
 a - a +0 robe
 h - a +0 helmet
 i - a +0 ring mail
 m - a +0 plate armour
 p - a +0 robe
 r - a +1 robe (worn)
Jewellery
 v - a ring of magical power (left claw)
 x - an amulet of the gourmand (around neck)
Scrolls
 c - a scroll of noise
 g - a scroll of enchant armour
 j - 3 scrolls of teleportation {unknown}
 k - 2 scrolls of identify {unknown}
 n - a scroll of recharging {unknown}
 s - a scroll of amnesia {unknown}
 t - a scroll of enchant weapon {unknown}
 u - a scroll of fog {unknown}
Potions
 d - 2 potions of curing {unknown}
 f - a potion of lignification {unknown}
 l - a potion of might {unknown}
 o - a potion of cure mutation {unknown}
 q - a potion of degeneration {unknown}


   Skills:
 - Level 2.6 Fighting
 + Level 5.0 Dodging
 + Level 1.6 Stealth
 - Level 4.4 Unarmed Combat
 + Level 1.0 Invocations


You had 5 spell levels left.
You didn't know any spells.

Dungeon Overview and Level Annotations

Branches:
Dungeon (4/15)
 Temple: D:4-7

Altars:
Ashenzari
Nemelex Xobeh
Pakellas
Sif Muna
Yredelemnul
The Shining One

Shops:
D:3 }   D:4 =


Innate Abilities, Weirdness & Mutations

You are too large for most types of armour.
You have claws for hands.
Your metabolism is lightning-fast.
You like to eat raw meat.
You heal very quickly.
You are covered in fur (AC +1).
You have very tough skin (AC +2).


Message History

The orc priest hits you but does no damage.
Something hits you but does no damage.
You continue eating.
Something hits you.
* * * LOW HITPOINT WARNING * * *
The orc priest closely misses you.
You continue eating.
Something hits you but does no damage. The orc priest barely misses you.
You finish eating.
That bread ration really hit the spot!
You closely miss something.
You hear some strange, mumbled words.
A magic dart appears from out of thin air!
The magic dart hits you!
* * * LOW HITPOINT WARNING * * *
The orc priest misses you.
You miss something.
You are starting to lose your buoyancy.
Something hits you.
You die...
Your body rises from the dead as a mindless zombie.

.....# #.............##+## .....#
#.)...........# .....#
#))...........# .....#
#.............# .....#######
#.)...........# ...........#
##.............##### ...#######.#
#..o................ ...# ### #.#
#...)...............
...#######.###..@................
.....'_'....##...................
...###'###.......................
...# #.# #.###...................
...###.###.# #...................
...........# #...................
......###### #...................
####### #######.......###'## #
#.......#.....


You could see an orc priest.

Vanquished Creatures
  2 orc priests (D:4)
  An orc wizard (D:4)
  A worker ant (D:4)
  2 gnolls (D:4)
  6 adders
  An ooze (D:2)
  3 worms
  4 dart slugs (D:1)
  2 giant geckos (D:2)
  7 orcs
  8 bats
  3 giant cockroaches
  4 goblins
  9 hobgoblins
  9 jackals
  8 kobolds
  A quokka (D:4)
  A ball python (D:2)
  4 giant newts (D:1)
  7 rats
83 creatures vanquished.

Vanquished Creatures (collateral kills)
  A gnoll (D:4)
  2 orcs (D:4)
3 creatures vanquished.

Vanquished Creatures (others)
  A worker ant zombie (D:4)
  2 jackal zombies (D:4)
3 creatures vanquished.

Grand Total: 89 creatures vanquished

Notes
Turn   | Place    | Note
--------------------------------------------------------------
     0 | D:1      | Ilten the Troll Monk began the quest for the Orb.
     0 | D:1      | Reached XP level 1. HP: 22/22 MP: 0/0
   158 | D:1      | Reached XP level 2. HP: 29/29 MP: 1/1
   617 | D:1      | Reached XP level 3. HP: 34/36 MP: 2/2
   626 | D:1      | Reached skill level 3 in Dodging
  1374 | D:2      | Reached XP level 4. HP: 24/44 MP: 3/3
  1970 | D:3      | Reached skill level 4 in Dodging
  1985 | D:3      | Found a shattered altar of Ashenzari.
  1985 | D:3      | Found a glowing golden altar of the Shining One.
  2247 | D:3      | Found an oddly glowing altar of Pakellas.
  2247 | D:3      | Found Pakellas's Prime Provisions.
  2261 | D:3      | Reached XP level 5. HP: 50/50 MP: 4/4
  2462 | D:3      | Found a basalt altar of Yredelemnul.
  2470 | D:3      | Became a worshipper of Yredelemnul the Dark
  2470 | D:3      | Reached * piety under Yredelemnul
  2470 | D:3      | Reached ** piety under Yredelemnul
  2706 | D:4      | Found a deep blue altar of Sif Muna.
  2921 | D:4      | Found a sparkling altar of Nemelex Xobeh.
  2947 | D:4      | Found Hoteh's Jewellery Shoppe.
  3486 | D:4      | Reached XP level 6. HP: 12/59 MP: 5/5
  3496 | D:4      | Reached skill level 5 in Dodging
  3496 | D:4      | Reached skill level 1 in Invocations
  3502 | D:4      | HP: 1/59 [something/magic dart (3)]
  3503 | D:4      | Slain by an orc wizard

Skill      XL: |  1  2  3  4  5  6 |
---------------+-------------------+-----
Dodging        | 3 4 5 |  5.0
Invocations    | 1 |  1.0
Fighting       | |  2.6
Stealth        | |  1.6
Unarmed Combat | |  4.4

Action                   |  1- 3 |  4- 6 || total
-------------------------+-------+-------++-------
Melee: Unarmed           |   107 |   129 ||   236
       Punch             |     1 |     1 ||     2
Invok: Animate Remains   |       |     4 ||     4
       Injury Mirror     |       |     1 ||     1
       Recall Undead Sla |       |     1 ||     1
  Use: Scroll            |     1 |     1 ||     2
       Potion            |       |     1 ||     1
 Stab: Sleeping          |       |     1 ||     1
  Eat: Chunk             |     7 |     8 ||    15
       Meat ration       |     1 |       ||     1
       Bread ration      |       |     3 ||     3
Armor: Robe              |    38 |    53 ||    91
Dodge: Dodged            |    67 |    84 ||   151
